 Seeded DCSS version 0.31-a0-210-gccc998df9b (webtiles) character file.

Game seed: 8113056780134302019 (custom seed)

38184 innerfire43 the Impaler (level 13, -34/108 HPs)
             Began as a Demonspawn Monk on June 30, 2023.
             Was a Priest of Uskayaw.
             Annihilated by a naga warrior
             ... wielding a +0 battleaxe
              (40 damage)
             ... on level 2 of the Snake Pit.
             The game lasted 00:21:48 (13096 turns).

innerfire43 the Impaler (Demonspawn Monk)          Turns: 13096, Time: 00:21:50

Health: -34/108    AC: 23    Str: 18    XL:     13   Next: 62%
Magic:  10/13      EV: 12    Int: 16    God:    Uskayaw [***...]
Gold:   809        SH:  0    Dex: 21    Spells: 12/12 levels left

rFire   . . .        f - +7 glaive of False Accusations {freeze, Str+3}
rCold   + . .        (shield currently unavailable)
rNeg    . . .        L - +2 ring mail {rC+}
rPois   .            h - +0 helmet
rElec   .            m - +0 cloak
rCorr   .            (no gloves)
SInv    .            y - +0 pair of boots
Will    .....        O - amulet of faith
Stlth   +            l - ring of the Tortoise {AC+8}
HPRegen 0.38/turn    D - +6 ring of intelligence
MPRegen 0.13/turn

%: faith
@: lethally poisoned (-34 -> -40)
A: thin metallic scales 2, demonic guardian 2, powered by death 1, demonic touch
2, agile 1, wild magic 1
a: Renounce Religion, Stomp, Line Pass


You were on level 2 of the Snake Pit.
You worshipped Uskayaw.
Uskayaw was noncommittal.
You visited 4 branches of the dungeon, and saw 16 of its levels.

You collected 809 gold pieces.

Inventory:

Hand Weapons
 a - a +1 spear
 f - the +7 glaive of False Accusations (weapon) {freeze, Str+3}
   (You acquired it on level 1 of the Dungeon)

   Str:       It affects your strength (+3).
Missiles
 U - a throwing net
Armour
 b - a +0 robe
 d - an orb of light
 h - a +0 helmet (worn)
 m - a +0 cloak (worn)
 v - a +1 robe of willpower
 y - a +0 pair of boots (worn)
 L - a +2 ring mail of cold resistance (worn)
Jewellery
 e - a ring of see invisible
 l - the ring of the Tortoise (left hand) {AC+8}
   (You acquired it on level 2 of the Dungeon)

   [ring of protection]

   AC:        It affects your AC (+8).
 o - a ring of protection from fire
 p - a ring of ice
 D - a +6 ring of intelligence (right hand)
 E - a ring of positive energy
 M - a ring of protection from cold
 N - a ring of ice
 O - an amulet of faith (around neck)
 S - a ring of ice
 T - a ring of willpower
 V - a +6 ring of dexterity
 Z - a +6 ring of intelligence
Wands
 w - a wand of acid (8)
 A - a wand of polymorph (2)
 K - a wand of roots (8)
 P - a wand of charming (6)
 Q - a wand of flame (11)
Scrolls
 g - 3 scrolls of vulnerability
 i - 5 scrolls of fog
 j - 10 scrolls of teleportation
 k - a scroll of amnesia
 B - 2 scrolls of fear
 C - 2 scrolls of revelation
 G - 3 scrolls of blinking
 X - a scroll of immolation
Potions
 c - a potion of ambrosia
 n - a potion of degeneration {unknown}
 r - a potion of attraction {unknown}
 u - 4 potions of enlightenment {unknown}
 x - 3 potions of resistance
 z - 5 potions of haste {unknown}
 F - 2 potions of curing
 H - 3 potions of lignification
 J - a potion of magic {unknown}
 R - a potion of brilliance {unknown}
 W - a potion of might {unknown}


   Skills:
 * Level 12.2 Fighting
 + Level 17.3 Polearms
 + Level 7.6 Armour
 - Level 3.0 Dodging


You had 12 spell levels left.
You didn't know any spells.
Your spell library contained the following spells:

 Spells                   Type           Power      Damage    Failure   Level
 Sandblast                Erth           0%         2d4       47%         1
 Slow                     Hex            0%         N/A       47%         1
 Cigotuvi's Dreadful Rot  Necr/Pois/Air  0%         N/A       61%         2
 Ensorcelled Hibernation  Hex/Ice        0%         N/A       61%         2
 Passwall                 Tmut/Erth      0%         N/A       61%         2
 Poisonous Vapours        Pois/Air       0%         N/A       61%         2
 Confusing Touch          Hex            0%         N/A       83%         3
 Mephitic Cloud           Conj/Pois/Air  0%         N/A       83%         3
 Spider Form              Tmut/Pois      0%         N/A       83%         3
 Stone Arrow              Conj/Erth      0%         3d7       83%         3
 Vampiric Draining        Necr           0%         2d6       83%         3
 Anguish                  Hex/Necr       0%         N/A       99%         4
 Animate Armour           Summ/Erth      0%         N/A       99%         4
 Animate Dead             Necr           0%         N/A       99%         4
 Cause Fear               Hex            0%         N/A       99%         4
 Dispel Undead            Necr           0%         3d6       99%         4
 Olgreb's Toxic Radiance  Pois           0%         N/A       99%         4
 Borgnjor's Vile Clutch   Necr/Erth      0%         N/A       100%        5
 Freezing Cloud           Conj/Ice/Air   0%         6-21      100%        5
 Death Channel            Necr           0%         N/A       100%        6
 Enfeeble                 Hex            0%         N/A       100%        7
 Discord                  Hex            0%         N/A       100%        8
 Ignition                 Fire           0%         3d3       100%        8
 Lehudib's Crystal Spear  Conj/Erth      0%         10d2      100%        8


Dungeon Overview and Level Annotations

Branches:
Dungeon (9/15)             Temple (1/1) D:6            Lair (4/5) D:9
  Swamp (0/4) Lair:3        Snake (2/4) Lair:2
  Slime: Lair:4-5       Orc: D:9-12

Altars:
Ashenzari
Fedhas
Gozag
Hepliaklqana
Kikubaaqudgha
Makhleb
Nemelex Xobeh
Okawaru
Qazlal
Ru
Trog
Uskayaw
Vehumet
Wu Jian
Xom
Yredelemnul

Shops:
D:1 ?


Innate Abilities, Weirdness & Mutations

You are mostly covered in thin metallic scales. (AC +3)
A demonic guardian rushes to your aid.
You regenerate a little health from kills.
Your touch may inflict irresistible damage on your foes.
You are agile. (Dex +4, Str/Int -1)
Your spells are a little harder to cast, but a little more powerful.


Message History

The naga warrior is no longer paralysed.
The naga warrior hits you from afar with a +0 glaive!
* * * LOW HITPOINT WARNING * * *
The salamander hits you from afar with a +0 halberd!
* * * LOW HITPOINT WARNING * * *
You are engulfed in flames!
* * * LOW HITPOINT WARNING * * *
Your hellwing hits the naga but does no damage.
Your hellwing hits the naga!
You feel better.
The naga no longer looks unusually strong.
The naga is no longer paralysed.
The naga hits you from afar with a +0 glaive.
* * * LOW HITPOINT WARNING * * *
The naga warrior hits you but does no damage.
The salamander closely misses you.
A naga comes into view. It is wielding a +0 long sword.
Your hellwing barely misses the naga.
Your hellwing hits the naga.
The naga dies!
Reach: f) +7 glaive of False Accusations {freeze, Str+3}
Press: ? - help, Dir - move target, f/p - salamander
Aim: a salamander, wielding a +0 halberd, wearing a +1 robe of willpower and quivering stones (severely wounded, strong, ally target, about 18% to evade the +7 glaive of False Accusations)
You reach to attack!
You slash the salamander! You freeze the salamander!
The salamander is almost dead.
The salamander hits you from afar with a +0 halberd.
* * * LOW HITPOINT WARNING * * *
You are engulfed in flames!
* * * LOW HITPOINT WARNING * * *
The naga warrior roars a battlecry!
The naga warrior goes into a battle-frenzy!
Your hellwing swoops through the air toward the salamander!
Your hellwing barely misses the salamander. x2
You stomp with the beat, sending a shockwave through the revellers around you!
The naga warrior is moderately wounded.
The salamander throws a stone.
The stone hits you but does no damage. The naga warrior spits poison at you.
The splash of poison hits you but does no damage.
You are lethally poisoned!
The naga warrior hits you with a +0 battleaxe!!!
You die...

###.###.#.....######..#..#####
###.##.#........#####..#..####
..#.##.......<..######..#.####
#..........#....#####..#..####
##....##...#....###...#..#####
........##.#...####.##..######
#.......###.######..##.#######
........####.#...).#...#######
.........#......@.#..####..###
..##.....##..4N..N..#####....#*
....#.........N)..............**
..#..............#...>...,,,,,,*
....#...........##....N..,,,,,,*
#...#....#...#..#,#......,,,,***
#...##...##.###..,*......,,,**
....#...,*.#**..#.*...#.#,,,*
,,,,*,,,*,*,*,,,,,*,,*,,,,,,*


You could see 2 naga warriors, a salamander (strong, ally target), a naga
(strong) and a friendly hellwing (summoned).

Vanquished Creatures
  Fannar (Lair:1)
  3 hydras
  4 anacondas (Snake:1)
  2 naga warriors (Snake:2)
  A two-headed ogre (D:8)
  A boulder beetle (D:8)
  Amaemon (Lair:2)
  Pikel (D:8)
  2 mana vipers (Snake:1)
  2 salamanders (Snake:1)
  13 black mambas
  2 guardian serpents (Snake:2)
  5 naga magi
  6 cane toads
  2 rime drakes
  An orange demon (Lair:2)
  A kobold demonologist (D:9)
  7 komodo dragons
  Grinder (D:3)
  2 polar bears
  5 blink frogs (Lair:3)
  2 hornets
  Sigmund (D:6)
  6 wyverns
  Grum (D:8)
  28 yaks
  3 basilisks
  3 vampire mosquitoes
  15 nagas
  13 water moccasins
  5 orc warriors
  3 ice beasts
  5 black bears
  2 sky beasts
  2 ogres (D:5)
  A centaur (D:9)
  3 wolves
  A kobold brigand (D:9)
  12 bullfrogs
  A gnoll sergeant (D:6)
  2 scorpions
  13 wights
  5 killer bees (D:9)
  8 howler monkeys
  3 electric eels (D:8)
  2 hounds
  A gnoll bouda (D:7)
  3 jellies
  An orc priest (D:8)
  A sleepcap (D:8)
  7 iguanas
  3 orc wizards
  13 gnolls
  10 adders
  A shadow imp (D:7)
  A white imp (D:6)
  An ufetubus (D:5)
  3 worms
  4 dart slugs
  24 orcs
  10 bats
  6 endoplasms
  5 giant cockroaches
  11 goblins
  A hobgoblin (D:3)
  8 kobolds
  2 quokkas
  9 ball pythons
  A frilled lizard (D:3)
  3 rats
332 creatures vanquished.

Vanquished Creatures (collateral kills)
  2 ghost crabs (Lair:3)
  A spectral black mamba (Lair:3)
  A spectral komodo dragon (Lair:3)
  A naga (Snake:2)
  A wolf (D:8)
  A bullfrog (Lair:2)
  An iguana (D:5)
8 creatures vanquished.

Grand Total: 340 creatures vanquished

Notes
Turn   | Place    | Note
-------+----------+-------------------------------------------
     0 | D:1      | innerfire43 the Demonspawn Monk began the quest for the
                  | Orb.
     0 | D:1      | Reached XP level 1. HP: 18/18 MP: 1/1
    70 | D:1      | Found Ponycs's Magic Scroll Shop.
   128 | D:1      | Gained mutation: Your touch may inflict minor irresistible
                  | damage on your foes. [demonic ancestry]
   128 | D:1      | Reached XP level 2. HP: 24/24 MP: 2/2
   153 | D:1      | Identified a scroll of acquirement
   153 | D:1      | Acquired the +7 glaive of False Accusations {freeze, Str+3}
   163 | D:1      | Reached skill level 3 in Polearms
   281 | D:1      | Reached XP level 3. HP: 29/29 MP: 3/3
   513 | D:2      | Reached skill level 4 in Polearms
   513 | D:2      | Gained mutation: You are partially covered in thin metallic
                  | scales. (AC +2) [demonic ancestry]
   513 | D:2      | Reached XP level 4. HP: 15/35 MP: 4/4
  1141 | D:2      | Acquired the ring of the Tortoise {AC+8}
  1141 | D:2      | Found the ring of the Tortoise {AC+8}
  1172 | D:3      | Noticed Grinder
  1181 | D:3      | Killed Grinder
  1182 | D:3      | Reached skill level 6 in Polearms
  1182 | D:3      | Gained mutation: Your touch may inflict irresistible damage
                  | on your foes. [demonic ancestry]
  1182 | D:3      | Reached XP level 5. HP: 40/41 MP: 5/5
  1182 | D:3      | Reached XP level 6. HP: 46/47 MP: 6/6
  1869 | D:4      | Found an ancient bone altar of Kikubaaqudgha.
  2578 | D:5      | Entered Level 5 of the Dungeon
  2593 | D:5      | You fall into a shaft and drop 2 floors!
  2612 | D:7      | Found a flagged portal.
  2638 | D:6      | Reached skill level 7 in Polearms
  2638 | D:6      | Gained mutation: A weak demonic guardian rushes to your
                  | aid. [demonic ancestry]
  2638 | D:6      | Reached XP level 7. HP: 52/52 MP: 7/7
  2667 | D:6      | Found a radiant altar of Vehumet.
  2831 | D:6      | Noticed Sigmund
  2839 | D:6      | Killed Sigmund
  2840 | D:6      | Reached skill level 8 in Polearms
  2990 | D:6      | Gained mutation: You regenerate a little health from kills.
                  | [demonic ancestry]
  2990 | D:6      | Reached XP level 8. HP: 29/58 MP: 8/8
  2991 | D:6      | Reached skill level 9 in Polearms
  3005 | D:6      | Found a staircase to the Ecumenical Temple.
  3238 | Temple   | Entered the Ecumenical Temple
  3405 | Temple   | Became a worshipper of Uskayaw the Reveller
  3405 | Temple   | Reached * piety under Uskayaw
  3812 | D:5      | Reached ** piety under Uskayaw
  3820 | D:5      | Reached *** piety under Uskayaw
  3821 | D:5      | Reached skill level 10 in Polearms
  3821 | D:5      | Reached **** piety under Uskayaw
  3990 | D:5      | Found a hazy altar of Hepliaklqana.
  4088 | D:5      | Reached XP level 9. HP: 26/64 MP: 9/9
  4089 | D:5      | Reached skill level 11 in Polearms
  4519 | D:7      | Found an ornate altar of the Wu Jian Council.
  4640 | D:7      | Found a broken altar of Ashenzari.
  4866 | D:7      | Reached skill level 12 in Polearms
  4942 | D:7      | Reached ***** piety under Uskayaw
  5148 | D:8      | Noticed Grum
  5166 | D:8      | Killed Grum
  5167 | D:8      | Reached skill level 13 in Polearms
  5323 | D:8      | Noticed a boulder beetle
  5334 | D:8      | Killed a boulder beetle
  5335 | D:8      | Reached XP level 10. HP: 56/70 MP: 10/10
  5501 | D:8      | Noticed a two-headed ogre
  5510 | D:8      | Killed a two-headed ogre
  5576 | D:8      | Reached skill level 14 in Polearms
  5874 | D:8      | Noticed Pikel
  5884 | D:8      | Killed Pikel
  6151 | D:8      | Gained mutation: You are frail. (-10% HP) [potion of
                  | mutation]
  6151 | D:8      | Gained mutation: You have a pair of small antennae on your
                  | head. [potion of mutation]
  6151 | D:8      | Gained mutation: Your muscles are strong. (Str +4, Int/Dex
                  | -1) [potion of mutation]
  6152 | D:8      | Lost mutation: You have a pair of small antennae on your
                  | head. [potion of mutation]
  6152 | D:8      | Lost mutation: You are frail. (-10% HP) [potion of
                  | mutation]
  6152 | D:8      | Lost mutation: Your muscles are strong. (Str +4, Int/Dex
                  | -1) [potion of mutation]
  6152 | D:8      | Gained mutation: You are agile. (Dex +4, Str/Int -1)
                  | [potion of mutation]
  6152 | D:8      | Gained mutation: Your spells are a little harder to cast,
                  | but a little more powerful. [potion of mutation]
  6152 | D:8      | Gained mutation: Armour fits poorly on your strangely
                  | shaped body. [potion of mutation]
  6152 | D:8      | Gained mutation: You are somewhat resistant to further
                  | mutation. [potion of mutation]
  6153 | D:8      | Lost mutation: You are somewhat resistant to further
                  | mutation. [potion of mutation]
  6153 | D:8      | Lost mutation: Armour fits poorly on your strangely shaped
                  | body. [potion of mutation]
  6338 | D:9      | Reached skill level 15 in Polearms
  6757 | D:9      | Identified the +1 flail of Equivalence {elec, rPois Int+5
                  | Dex-5 Stlth+}
  6822 | D:9      | Found a blossoming altar of Fedhas.
  6941 | D:9      | Found a staircase to the Lair.
  7040 | D:9      | Gained mutation: You are mostly covered in thin metallic
                  | scales. (AC +3) [demonic ancestry]
  7040 | D:9      | Reached XP level 11. HP: 75/75 MP: 11/11
  7273 | Lair:1   | Entered Level 1 of the Lair of Beasts
  7592 | Lair:1   | Reached skill level 16 in Polearms
  7635 | Lair:1   | Reached ****** piety under Uskayaw
  7738 | Lair:1   | Noticed Fannar
  7745 | Lair:1   | Killed Fannar
  7889 | Lair:1   | Reached skill level 1 in Armour
  7914 | Lair:1   | Reached skill level 5 in Fighting
  8577 | Lair:2   | Found a hide-covered altar of Uskayaw.
  8749 | Lair:2   | You fall into a shaft and drop 2 floors!
  8762 | Lair:4   | Gained mutation: A demonic guardian rushes to your aid.
                  | [demonic ancestry]
  8762 | Lair:4   | Reached XP level 12. HP: 81/89 MP: 12/12
  8985 | Lair:3   | Noticed a five-headed hydra
  9012 | Lair:3   | Killed a 12-headed hydra
  9167 | Lair:3   | Found a staircase to the Swamp.
  9167 | Lair:3   | Noticed a ghost crab
  9167 | Lair:3   | Noticed a ghost crab
  9177 | Lair:3   | Killed a ghost crab
  9182 | Lair:3   | Killed a ghost crab
  9450 | Lair:3   | Reached skill level 5 in Armour
  9610 | Lair:3   | Noticed a four-headed hydra
  9614 | Lair:3   | Killed an eight-headed hydra
 10412 | Lair:2   | Reached skill level 10 in Fighting
 10557 | Lair:2   | Noticed Amaemon
 10572 | Lair:2   | Killed Amaemon
 10857 | Lair:2   | Found a staircase to the Snake Pit.
 11007 | Lair:2   | Noticed a four-headed hydra
 11015 | Lair:2   | Killed an eight-headed hydra
 11053 | Snake:1  | Entered Level 1 of the Snake Pit
 11153 | Snake:1  | Noticed an anaconda
 11158 | Snake:1  | Killed an anaconda
 11159 | Snake:1  | Reached XP level 13. HP: 101/104 MP: 13/13
 11401 | Snake:1  | Reached skill level 17 in Polearms
 13080 | Snake:2  | Identified the ring of Igee {rCorr Str+3 Int+6 Dex+3}
 13096 | Snake:2  | Annihilated by a naga warrior

Illustrated notes

Levels and vault maps discovered:
D:1:      roderic_crossed_star, layout_rooms, serial_shops, nicolae_diamond_shop
D:2:      layout_loops_cross
D:3:      layout_basic, uniq_grinder
D:4:      layout_basic, zin_academy, kennysheep_mini
D:5:      layout_basic, kennysheep_mini_moat, grunt_decor_one_mirror,
          kennysheep_generic_room_9
D:6:      layout_loops_ring, vehumet_crystals, minmay_temple_entry_stoned_glass,
          uniq_sigmund
D:7:      layout_rooms, evilmike_ruin_ashenzari, lemuel_coloured_pillars_altar,
          enter_bailey_5
D:8:      layout_loops_corners, water_boxes_lemuel, uniq_pikel, uniq_grum
D:9:      layout_roguey, marbit_many_paths, fedhas_ov_isle_minmay,
          grunt_lair_entry_orc_guard_hut
Temple:   bh_familiar_temple
Lair:1:   layout_regular_city, uniq_fannar
Lair:2:   layout_chaotic_city, guppyfry_snake_entry_island, basic_altar,
          chequers_serial_rivers_room_a, uniq_amaemon
Lair:3:   wad_woods_structure_01, layout_gridlike, nicolae_swamp_entry_spooky
Lair:4:   layout_regular_city, slime_entry_1, evilmike_ambush
          [evilmike_ambush_outer_corners, evilmike_ambush_inner_basic],
          uniq_urug
Snake:1:  layout_gridlike, drop_trap
Snake:2:  layout_onion_interference, hangedman_snake_corridor_split

Skill      XL: |  1  2  3  4  5  6  7  8  9 10 11 12 13 |
---------------+----------------------------------------+-----
Polearms       | 3 4 6 7 8 10 13 15 16 17 | 17.3
Dodging        | 3 |  3.0
Fighting       | 6 10 12 | 12.2
Armour         | 3 6 7 |  7.6

Action                     |  1- 3 |  4- 6 |  7- 9 | 10-12 | 13-15 || total
---------------------------+-------+-------+-------+-------+-------++-------
  Melee: Spear             |    28 |       |       |       |       ||    28
         Glaive            |    34 |    82 |   213 |   499 |   123 ||   951
         Touch             |     1 |       |       |       |       ||     1
 Invoke: Stomp             |       |       |       |       |     1 ||     1
    Use: Scroll            |     1 |     2 |       |     4 |    10 ||    17
         Potion            |       |       |       |     8 |     3 ||    11
   Stab: Sleeping          |     3 |     2 |       |     1 |       ||     6
         Paralysed         |       |       |    10 |    26 |     9 ||    45
         Distracted        |       |       |       |     1 |     1 ||     2
 Armour: Robe              |    21 |    22 |    93 |       |       ||   136
         Ring mail         |       |       |    16 |   329 |    48 ||   393
  Dodge: Dodged            |    35 |    46 |   174 |   285 |    55 ||   595

Table legend: (Time is in decaauts)
 A = Elapsed time spent in this place.
 B = Non-inter-level travel time spent in this place.
 C = Inter-level travel time spent in this place.
 D = Time resting spent in this place.
 E = Time spent auto-exploring this place.
 F = Levels seen in this place.
 G = Mean time per level.
                   A        B        C        D        E       F      G
               +--------+--------+--------+--------+--------+-----+--------+
         Total |  13139 |  12540 |    599 |      0 |  10419 |  16 |  821.2 |
       Dungeon |   7102 |   6714 |    388 |      0 |   5496 |   9 |  789.1 |
        Temple |    253 |    168 |     85 |      0 |    163 |   1 |  253.0 |
          Lair |   3747 |   3669 |     78 |      0 |   3089 |   4 |  936.8 |
     Snake Pit |   2036 |   1988 |     48 |      0 |   1670 |   2 | 1018.0 |
               +--------+--------+--------+--------+--------+-----+--------+

Top non-repeatable levels by time:
  Lair:3: 1388 daAuts
 Snake:1: 1285 daAuts
  Lair:1: 1255 daAuts
     D:8: 1180 daAuts
     D:9: 1033 daAuts
     D:4: 1012 daAuts
     D:6: 949 daAuts
  Lair:2: 905 daAuts
 Snake:2: 750 daAuts
     D:2: 701 daAuts
     D:7: 672 daAuts
     D:5: 643 daAuts
     D:1: 476 daAuts
     D:3: 434 daAuts
  Temple: 253 daAuts
